General information
- name: BNet
- type: Ladder team game (AT/RT)
- host: Battle.net
- saver: iggy_the_fisk
map: Friends
- players: 8
- length: 10:10
- speed: Fast
- version: 1.21 W3XP
- replay type:

» download(92 KB)
Players
team 1 (winner)
Cruxtures (
pink | 106 APM | 1072 actions | 10:08)
3 Pandaren Brewmaster
2 Breath of Fire
1 Drunken Brawler
» actions
| Assign group hotkey | 165 | |
| Basic commands | 8 | |
| Build / train | 37 | |
| Enter build submenu | 28 | |
| Enter hero's abilities submenu | 3 | |
| Remove unit from queue | 2 | |
| Right click | 464 | |
| Select / deselect | 254 | |
| Select group hotkey | 60 | |
| Use ability | 51 | |
1072 total
» units
| Wisp | 19 | |
| Archer | 8 | |
| Glaive Thrower | 3 | |
30 total
» buildings
| Moon Well | 8 | |
| Tree of Life | 1 | |
| Altar of Elders | 1 | |
| Ancient of War | 6 | |
| Hunter's Hall | 1 | |
17 total
» build order
00:17 Moon Well
00:51 Tree of Life
01:16 Altar of Elders
01:38 Ancient of War
03:20 Ancient of War
03:22 Ancient of War
03:23 Ancient of War
03:24 Ancient of War
03:31 Ancient of War
05:48 Moon Well
07:04 Moon Well
07:04 Moon Well
07:07 Moon Well
07:07 Moon Well
07:35 Hunter's Hall
09:14 Moon Well
09:17 Moon Well
iggy_the_fisk (
orange | 109 APM | 1110 actions | 10:10)
2 Archmage
1 Summon Water Elemental
1 Brilliance Aura
» actions
| Assign group hotkey | 193 | |
| Basic commands | 2 | |
| Build / train | 58 | |
| Enter build submenu | 19 | |
| Enter hero's abilities submenu | 2 | |
| Right click | 508 | |
| Select / deselect | 183 | |
| Select group hotkey | 79 | |
| Use ability | 66 | |
1110 total
» units
» upgrades
» buildings
| Altar of Kings | 1 | |
| Farm | 3 | |
| Lumber Mill | 1 | |
| Scout Tower | 10 | |
| Guard Tower | 12 | |
| Arcane Tower | 4 | |
| Arcane Vault | 1 | |
| Keep | 4 | |
| Blacksmith | 1 | |
37 total
» build order
00:04 Altar of Kings
00:16 Farm
01:21 Farm
01:59 Farm
02:41 Lumber Mill
03:40 Scout Tower
03:50 Scout Tower
03:58 Guard Tower
04:26 Guard Tower
04:44 Scout Tower
05:08 Scout Tower
05:37 Guard Tower
06:00 Scout Tower
06:10 Scout Tower
06:31 Arcane Tower
06:40 Scout Tower
06:45 Arcane Tower
06:45 Arcane Tower
07:19 Scout Tower
07:21 Scout Tower
07:26 Guard Tower
07:27 Scout Tower
07:49 Guard Tower
07:53 Guard Tower
07:53 Guard Tower
07:54 Guard Tower
07:58 Arcane Vault
08:16 Keep
08:16 Keep
08:16 Keep
08:27 Guard Tower
08:27 Guard Tower
08:28 Guard Tower
09:26 Blacksmith
NADMaN (
green | 95 APM | 959 actions | 10:08)
3 Goblin Tinker
2 Pocket Factory
1 Engineering Upgrade
» actions
| Assign group hotkey | 1 | |
| Basic commands | 35 | |
| Build / train | 26 | |
| ESC pressed | 5 | |
| Enter build submenu | 18 | |
| Enter hero's abilities submenu | 3 | |
| Right click | 518 | |
| Select / deselect | 213 | |
| Select group hotkey | 105 | |
| Use ability | 35 | |
959 total
» units
» buildings
| Moon Well | 5 | |
| Tree of Life | 1 | |
| Ancient of War | 6 | |
| Altar of Elders | 1 | |
| Tree of Ages | 1 | |
14 total
» build order
00:09 Moon Well
00:53 Tree of Life
01:18 Ancient of War
01:44 Altar of Elders
02:21 Ancient of War
02:35 Ancient of War
02:48 Ancient of War
02:49 Ancient of War
03:10 Ancient of War
06:23 Moon Well
06:26 Moon Well
06:28 Moon Well
06:31 Moon Well
08:59 Tree of Ages
TIMG4STROK (
yellow | 75 APM | 762 actions | 10:08)
3 Archmage
2 Summon Water Elemental
1 Brilliance Aura
» actions
| Assign group hotkey | 4 | |
| Basic commands | 45 | |
| Build / train | 45 | |
| Enter build submenu | 25 | |
| Enter hero's abilities submenu | 3 | |
| Right click | 410 | |
| Select / deselect | 79 | |
| Select group hotkey | 83 | |
| Use ability | 68 | |
762 total
» units
» upgrades
» buildings
| Altar of Kings | 1 | |
| Farm | 2 | |
| Scout Tower | 20 | |
| Lumber Mill | 1 | |
| Arcane Tower | 2 | |
| Guard Tower | 12 | |
| Town Hall | 1 | |
| Keep | 1 | |
| Blacksmith | 1 | |
| Arcane Vault | 1 | |
42 total
» build order
00:12 Altar of Kings
00:15 Farm
00:18 Farm
03:42 Scout Tower
03:42 Scout Tower
03:43 Scout Tower
03:45 Lumber Mill
04:12 Arcane Tower
04:16 Scout Tower
04:16 Scout Tower
04:17 Scout Tower
04:22 Guard Tower
04:48 Scout Tower
04:48 Scout Tower
04:52 Guard Tower
04:54 Guard Tower
05:14 Scout Tower
05:14 Scout Tower
05:15 Scout Tower
05:41 Scout Tower
05:42 Scout Tower
05:43 Scout Tower
05:46 Guard Tower
05:53 Guard Tower
05:54 Guard Tower
06:02 Guard Tower
06:17 Guard Tower
06:18 Guard Tower
06:33 Town Hall
07:13 Scout Tower
07:13 Scout Tower
07:18 Scout Tower
07:19 Scout Tower
07:43 Arcane Tower
07:45 Guard Tower
07:57 Guard Tower
08:57 Keep
09:07 Scout Tower
09:08 Scout Tower
09:15 Blacksmith
09:16 Arcane Vault
team 2 (loser)

»
Dawkins20 (
red | 34 APM | 345 actions | 10:07)
2 Archmage
1 Blizzard
1 Summon Water Elemental
» actions
| Basic commands | 2 | |
| Build / train | 18 | |
| Enter build submenu | 16 | |
| Enter hero's abilities submenu | 2 | |
| Right click | 167 | |
| Select / deselect | 121 | |
| Use ability | 19 | |
345 total
» units
» buildings
| Altar of Kings | 1 | |
| Farm | 3 | |
| Barracks | 1 | |
| Scout Tower | 2 | |
| Lumber Mill | 1 | |
| Arcane Tower | 1 | |
| Guard Tower | 1 | |
| Town Hall | 1 | |
11 total
» build order
00:16 Altar of Kings
00:20 Farm
00:36 Barracks
01:00 Scout Tower
02:00 Lumber Mill
02:11 Farm
02:13 Arcane Tower
02:52 Farm
03:34 Scout Tower
04:14 Guard Tower
07:10 Town Hall
EasyOnMeToo (
purple | 61 APM | 615 actions | 10:08)
1 Shadow Hunter
1 Serpent Ward
» actions
| Basic commands | 63 | |
| Build / train | 27 | |
| Enter build submenu | 20 | |
| Enter hero's abilities submenu | 1 | |
| Right click | 322 | |
| Select / deselect | 162 | |
| Use ability | 20 | |
615 total
» units
» buildings
| Barracks | 2 | |
| War Mill | 1 | |
| Altar of Storms | 1 | |
| Orc Burrow | 4 | |
| Watch Tower | 5 | |
13 total
» build order
00:19 Barracks
01:33 War Mill
01:55 Altar of Storms
02:07 Orc Burrow
03:09 Orc Burrow
03:39 Watch Tower
04:26 Watch Tower
05:07 Watch Tower
05:41 Watch Tower
05:58 Barracks
06:27 Orc Burrow
07:48 Watch Tower
08:39 Orc Burrow

»
heomap (
blue | 112 APM | 1120 actions | 10:02)
2 Blademaster
1 Wind Walk
1 Critical Strike
» actions
| Assign group hotkey | 64 | |
| Basic commands | 273 | |
| Build / train | 28 | |
| ESC pressed | 3 | |
| Enter build submenu | 19 | |
| Enter hero's abilities submenu | 2 | |
| Right click | 337 | |
| Select / deselect | 277 | |
| Select group hotkey | 78 | |
| Use ability | 39 | |
1120 total
» units
» buildings
| Altar of Storms | 2 | |
| Orc Burrow | 4 | |
| War Mill | 1 | |
| Voodoo Lounge | 2 | |
| Watch Tower | 3 | |
| Stronghold | 2 | |
| Beastiary | 2 | |
16 total
» build order
00:10 Altar of Storms
00:13 Orc Burrow
00:48 War Mill
01:09 Voodoo Lounge
02:23 Watch Tower
02:37 Stronghold
03:24 Orc Burrow
04:09 Watch Tower
04:11 Watch Tower
06:18 Orc Burrow
06:58 Beastiary
07:18 Beastiary
07:36 Altar of Storms
07:40 Voodoo Lounge
08:57 Orc Burrow
» items
heosua (
teal | 50 APM | 502 actions | 10:04)
1 Far Seer
1 Feral Spirit
» actions
| Build / train | 23 | |
| Enter build submenu | 13 | |
| Enter hero's abilities submenu | 1 | |
| Right click | 291 | |
| Select / deselect | 151 | |
| Use ability | 23 | |
502 total
» units
» upgrades
| Armor | 1 | |
| Ranged Weapons | 1 | |
| Melee Weapons | 1 | |
3 total
» buildings
| Altar of Storms | 2 | |
| Orc Burrow | 2 | |
| War Mill | 1 | |
| Stronghold | 5 | |
| Watch Tower | 5 | |
| Great Hall | 2 | |
17 total
» build order
00:12 Altar of Storms
00:18 Altar of Storms
00:31 Orc Burrow
01:26 War Mill
01:37 Orc Burrow
02:54 Stronghold
02:54 Stronghold
02:54 Stronghold
03:24 Watch Tower
03:53 Watch Tower
04:47 Watch Tower
05:27 Watch Tower
05:34 Watch Tower
06:40 Great Hall
07:21 Great Hall
Chat log
(08:40 / All) Cruxtures: gg